 Dungeon Crawl Stone Soup version 0.24-a0-479-g9a978d2894 (webtiles) character file.

Game seed: 6916907986982458171

233 Elric the Skirmisher (level 5, 0/42 HPs)
             Began as a Demonspawn Fighter on July 7, 2019.
             Hit by a boomerang thrown by an orc (5 damage)
             ... on level 5 of the Dungeon.
             The game lasted 00:02:52 (2872 turns).

Elric the Skirmisher (Demonspawn Fighter)           Turns: 2872, Time: 00:02:53

Health: 0/42       AC: 11    Str: 18    XL:     5   Next: 75%
Magic:  0/5        EV:  5    Int:  9    God:
Gold:   103        SH:  0    Dex: 12    Spells: 4/4 levels left

rFire    . . .     SeeInvis .   a - +0 long sword
rCold    . . .     Gourm    .   c - +0 shield
rNeg     . . .     Faith    .   l - +0 chain mail
rPois    .         Spirit   +   (helmet restricted)
rElec    .         Reflect  .   (no cloak)
rCorr    .         Harm     .   (no gloves)
MR       .....                  (no boots)
Stlth    ..........             i - amulet of rage
HPRegen  0.14/turn              (no ring)
MPRegen  0.09/turn              (no ring)

@: confused
A: antennae 2, icy blue scales 1, magic shield
a: Evoke Berserk Rage


You were on level 5 of the Dungeon.
You were hungry.

You visited 1 branch of the dungeon, and saw 4 of its levels.

You collected 103 gold pieces.

Inventory:

Hand Weapons
 a - a +0 long sword (weapon)
Armour
 c - a +0 shield (worn)
 l - a +0 chain mail (worn)
Jewellery
 i - an amulet of rage (around neck)
Wands
 m - a wand of random effects (23)
Scrolls
 e - 3 scrolls of immolation {unknown}
 g - 2 scrolls of remove curse {unknown}
 h - 4 scrolls of identify {unknown}
 o - a scroll of fog {unknown}
 p - a scroll of teleportation {unknown}
 r - a scroll of amnesia {unknown}
Potions
 b - 3 potions of flight {unknown}
 d - a potion of might
 j - 2 potions of ambrosia {unknown}
 k - a potion of degeneration {unknown}
 n - a potion of lignification {unknown}
 q - a potion of curing {unknown}
Comestibles
 f - 6 rations


   Skills:
 + Level 4.0 Fighting
 + Level 2.8 Long Blades
 + Level 3.5 Armour
 + Level 2.0 Dodging
 + Level 3.5 Shields


You had 4 spell levels left.
You didn't know any spells.
Your spell library was empty.

Dungeon Overview and Level Annotations

Branches:
Dungeon (3/15)

Altars:
Gozag


Innate Abilities, Weirdness & Mutations

You have a pair of antennae on your head.
You are partially covered in icy blue scales. (AC +2)
When hurt, damage is shared between your health and your magic reserves.


Message History

Something hits you but does no damage. You block the orc's attack.
The orc wizard barely misses you.
Unknown command.
You closely miss something. Something hits you.
* * * LOW HITPOINT WARNING * * *
The orc hits you but does no damage.
The orc wizard hits you but does no damage.
Something hits you but does no damage.
Unknown command.
The orc throws a boomerang.
The boomerang barely misses you.
The weapon returns to the orc!
The orc wizard casts a spell at you. The magic dart hits you.
* * * LOW HITPOINT WARNING * * *
The orc wizard points at you and mumbles some strange words.
The magic dart hits you but does no damage.
You hear some strange, mumbled words.
You are confused.
The orc throws a boomerang.
The boomerang hits you.
You die...

###.......)..#
#............#
##.#.....###..#
.._......# #..#
#...
.#.####oo##
#..#...# ##{.##
.....# ##..##
..(#
#...####..#
##.@.##...#####
#.............
##............
#####..##...
##.# #.#####
#.....####
#.†#.....#
#..#.###..#


You could see an orc wizard and an orc.

Vanquished Creatures
  2 scorpions (D:5)
  An orc wizard (D:5)
  Jessica (D:2)
  2 adders (D:2)
  A shadow imp (D:2)
  3 dart slugs
  2 leopard geckos (D:1)
  5 bats
  2 giant cockroaches
  6 goblins
  3 hobgoblins
  6 jackals
  8 kobolds
  A ball python (D:5)
  5 frilled lizards
  4 rats (D:1)
52 creatures vanquished.

Notes
Turn   | Place    | Note
-------+----------+-------------------------------------------
     0 | D:1      | Elric the Demonspawn Fighter began the quest for the Orb.
     0 | D:1      | Reached XP level 1. HP: 18/18 MP: 1/1
   712 | D:1      | Gained mutation: You have a pair of small antennae on your
                  | head. [demonic ancestry]
   712 | D:1      | Reached XP level 2. HP: 24/24 MP: 2/2
   941 | D:1      | Gained mutation: When hurt, damage is shared between your
                  | health and your magic reserves. [demonic ancestry]
   941 | D:1      | Reached XP level 3. HP: 19/29 MP: 3/3
  1281 | D:1      | Reached skill level 1 in Dodging
  1800 | D:2      | Noticed Jessica
  1808 | D:2      | Killed Jessica
  1808 | D:2      | Gained mutation: You have a pair of antennae on your head.
                  | [demonic ancestry]
  1808 | D:2      | Reached XP level 4. HP: 22/35 MP: 1/4
  2393 | D:3      | You fall into a shaft and drop 2 floors!
  2393 | D:5      | Entered Level 5 of the Dungeon
  2402 | D:5      | Gained mutation: You are partially covered in icy blue
                  | scales. (AC +2) [demonic ancestry]
  2402 | D:5      | Reached XP level 5. HP: 29/42 MP: 3/5
  2847 | D:5      | Found an opulent altar of Gozag.
  2855 | D:5      | Reached skill level 4 in Fighting
  2872 | D:5      | Hit by a boomerang thrown by an orc

Levels and vault maps discovered:
D:1:      minmay_arrival_widening_spiral_wide, layout_basic, minmay_tetromino_l4
D:2:      layout_loops_ring, uniq_jessica
D:3:      layout_basic, makhleb_heckhound_becter, kennysheep_generic_room_11
D:5:      minmay_evil_eye, layout_layer_cave, lemuel_crystal_altar,
          kennysheep_mini_moat, kennysheep_little_box, first_ration

Skill      XL: |  1  2  3  4  5 |
---------------+----------------+-----
Long Blades    | 2 |  2.8
Armour         | 3 |  3.5
Shields        | 3 |  3.5
Dodging        | 1 2 |  2.0
Fighting       | 4 |  4.0

Action                   |  1- 3 |  4- 6 || total
-------------------------+-------+-------++-------
Melee: Long sword        |   146 |    69 ||   215
  Eat: Chunk             |     2 |     4 ||     6
Armor: Scale mail        |    78 |       ||    78
       Chain mail        |     1 |    39 ||    40
Dodge: Dodged            |    49 |    15 ||    64
Block: Shield            |    70 |    38 ||   108
       Rpst.: Long sword |    21 |     4 ||    25

Table legend:
 A = Non-vault XP
 B = Vault XP
 C = Vault XP percentage of total XP
 D = Non-vault monster count
 E = Vault monster count
 F = Vault count percentage of total count
                 A         B        C        D         E       F
            +---------+---------+-------+---------+---------+-------
      Total |     221 |     113 |  33.8 |      45 |       7 |  13.5
            +---------+---------+-------+---------+---------+-------
        D:1 |      48 |       5 |   9.4 |      27 |       4 |  12.9
        D:2 |      58 |      37 |  38.9 |      13 |       1 |   7.1
        D:3 |       6 |       0 |   0.0 |       3 |       0 |   0.0
        D:5 |     109 |      71 |  39.4 |       2 |       2 |  50.0
            +---------+---------+-------+---------+---------+-------
